 Dungeon Crawl Stone Soup version 0.20-a0-433-g9e36e56 (webtiles) character file.

3007 Kriby the Fighter (level 9, -7/75 HPs)
             Began as a Mummy Fighter on Jan 4, 2017.
             Was an Initiate of Uskayaw.
             Mangled by an ogre
             ... wielding a +0 giant club
              (16 damage)
             ... on level 8 of the Dungeon.
             The game lasted 00:08:33 (7153 turns).

Kriby the Fighter (Mummy Fighter)                   Turns: 7153, Time: 00:08:34

Health: -7/75      AC: 12    Str: 26    XL:     9   Next: 54%
Magic:  8/14       EV:  4    Int:  9    God:    Uskayaw [......]
Gold:   471        SH: 10    Dex: 11    Spells: 8/8 levels left

rFire  x . .     SeeInvis .     h - +3 hand axe (freeze)
rCold  + . .     Gourm    .     l - +0 plate armour
rNeg   + + +     Faith    .     c - +0 shield
rPois  ∞         Spirit   .     k - +0 helmet
rElec  .         Reflect  .     (no cloak)
rCorr  .         Harm     .     (no gloves)
MR     +....                    (no boots)
Stlth  ..........               (no amulet)
                                b - +3 ring of strength
                                e - +2 ring of intelligence

@: no status effects
A: no food or potions, fire vulnerability, cold resistance 1, negative energy
resistance 3, torment resistance, unbreathing
a: Renounce Religion


You were on level 8 of the Dungeon.
You worshipped Uskayaw.
Uskayaw was noncommittal.
You were not hungry.

You visited 1 branch of the dungeon, and saw 8 of its levels.
You also visited: Ossuary.

You collected 471 gold pieces.

Inventory:

Hand Weapons
 a - a +0 war axe
 h - a +3 hand axe of freezing (weapon)
Missiles
 p - 8 javelins (quivered)
Armour
 c - a +0 shield (worn)
 i - a +2 scale mail of poison resistance
 k - a +0 helmet (worn)
 l - a +0 plate armour (worn)
Jewellery
 b - a +3 ring of strength (right hand)
 e - a +2 ring of intelligence (left hand)
 y - an uncursed ring of stealth {unknown}
Wands
 n - a wand of confusion (18/48)
 s - a wand of disintegration (3/24)
 t - a wand of confusion (16/48)
Scrolls
 d - a scroll of random uselessness {unknown}
 f - 9 scrolls of teleportation {unknown}
 g - 2 scrolls of remove curse {unknown}
 j - 7 scrolls of identify {unknown}
 m - 2 scrolls of blinking {unknown}
 o - a scroll of enchant armour {unknown}
 q - 2 scrolls of magic mapping {unknown}
 r - a scroll of noise {unknown}
 u - 2 scrolls of fear {unknown}
 w - a scroll of fog {unknown}
Books
 v - a book of Changes

   Spells                             Type                      Level
   a - Beastly Appendage              Transmutation                1
   b - Sticks to Snakes               Transmutation                2
   c - Spider Form                    Transmutation/Poison         3
   d - Ice Form                       Ice/Transmutation            4
   e - Blade Hands                    Transmutation                5
 x - a book of Debilitation

   Spells                             Type                      Level
   a - Corona                         Hexes                        1
   b - Slow                           Hexes                        2
   c - Gell's Gravitas                Hexes/Translocation          3
   d - Inner Flame                    Hexes/Fire                   3
   e - Cause Fear                     Hexes                        4
   f - Leda's Liquefaction            Hexes/Earth                  4


   Skills:
 * Level 8.6 Fighting
 + Level 5.3 Axes
 - Level 3.2 Armour
 - Level 3.5 Shields
 * Level 6.9 Invocations


You had 8 spell levels left.
You didn't know any spells.

Dungeon Overview and Level Annotations

Branches:
Dungeon (8/15)
 Temple: D:4-7         Lair: D:8-11

Altars:
Dithmenos
Kikubaaqudgha
Makhleb
Ru
Uskayaw

Shops:
D:8 =

Annotations:
D:5 lupus83's ghost, novice DEFE
D:6 exclusion: 2 downstairs
D:7 exclusion: 4 doors
D:8 Gastronok


Innate Abilities, Weirdness & Mutations

You do not eat or drink.
Your flesh is vulnerable to fire.
You are immune to poison.
Your flesh is cold resistant. (rC+)
You are immune to negative energy. (rN+++)
You are immune to unholy pain and torment.
You can survive without breathing.


Message History

Gastronok bites you!!
There are monsters nearby!
You hit Gastronok. You freeze Gastronok.
Gastronok is lightly wounded.
There are monsters nearby!
You hit Gastronok. You freeze Gastronok.
Gastronok is lightly wounded.
You hit the ogre but do no damage. Gastronok bites you!
The ogre hits you with a giant club!
* * * LOW HITPOINT WARNING * * *
You stomp with the beat, sending a shockwave through the revelers around you!
Gastronok is moderately wounded.
The ogre is heavily wounded.
You can no longer stomp with the beat.
You can now stomp with the beat.
You stomp with the beat, sending a shockwave through the revelers around you!
Gastronok is heavily wounded.
The ogre is almost dead.
You can no longer stomp with the beat.
The ogre hits you with a giant club!
You die...

...#..#####.#.# #.######..
.....>##... #.# #.........
....####.## #.# ##†..##...
....#.....# #.# ##.....##
....#.....# #.# #.......#
###.....<.###.###.......#
###.####......##.........#
.(#.# ######.##.........#
#(..# #......#.@.....####
#(∩.####.####.#.wO.####
#......#.#.##.#....#
#.#....#.#....#...##
').....+.#.####...#
#......###.# ....#
######## #.# ...##
##########.# #...#
...........#


You could see Gastronok and an ogre.

Vanquished Creatures
  Pikel (D:4)
  Menkaure (D:4)
  Duvessa (D:7)
  A slave (D:4)
  A phantom (D:5)
  2 ice beasts
  A centaur (D:8)
  3 ogres
  2 bullfrogs
  2 big kobolds (D:7)
  4 water moccasin zombies (Ossuary)
  Dowan (D:7)
  A scorpion (D:5)
  4 crimson imps (D:7)
  A bullfrog zombie (D:5)
  3 hounds
  2 orc priests (D:7)
  A jelly (D:7)
  5 orc wizards
  2 centaur skeletons
  Jessica (D:2)
  Terence (D:2)
  An iguana (D:6)
  4 worker ants
  Ijyb (D:2)
  2 big kobold zombies (Ossuary)
  2 hound skeletons
  2 mummies (Ossuary)
  A worker ant zombie (D:6)
  16 adders
  2 shadow imps
  An adder skeleton (D:7)
  7 adder zombies
  A worm (D:3)
  2 dart slugs (D:1)
  3 leopard geckos
  21 orcs
  5 giant cockroaches
  5 goblins
  4 hobgoblins
  9 jackals
  12 kobolds
  6 quokkas
  5 bats
  6 frilled lizards
  3 hobgoblin zombies (Ossuary)
  A jackal skeleton (D:3)
  3 kobold zombies (Ossuary)
  A leopard gecko skeleton (D:5)
  4 orc zombies (Ossuary)
  A quokka skeleton (D:5)
  8 rats
180 creatures vanquished.

Vanquished Creatures (others)
  A slave (D:4)
  A hound skeleton (D:4)
  An orc (D:4)
3 creatures vanquished.

Grand Total: 183 creatures vanquished

Notes
Turn   | Place    | Note
-------+----------+-------------------------------------------
     0 | D:1      | Kriby the Mummy Fighter began the quest for the Orb.
     0 | D:1      | Reached XP level 1. HP: 18/18 MP: 1/1
   240 | D:1      | Reached XP level 2. HP: 24/24 MP: 2/2
   750 | D:2      | Noticed Jessica
   765 | D:2      | Killed Jessica
   765 | D:2      | Reached XP level 3. HP: 23/29 MP: 3/3
   839 | D:2      | Noticed Terence
   852 | D:2      | Killed Terence
   852 | D:2      | Reached XP level 4. HP: 26/35 MP: 4/4
  1180 | D:2      | Found a faded altar of an unknown god.
  1261 | D:2      | Noticed Ijyb
  1268 | D:2      | Killed Ijyb
  1442 | D:2      | Became a worshipper of Uskayaw the Reveler
  1442 | D:2      | Reached * piety under Uskayaw
  1483 | D:3      | Reached XP level 5. HP: 42/42 MP: 5/5
  1557 | D:3      | Found a sacrificial altar of Ru.
  1581 | D:3      | Reached ** piety under Uskayaw
  1975 | D:3      | Reached skill level 4 in Fighting
  2032 | D:3      | Reached skill level 1 in Invocations
  2071 | D:3      | Reached XP level 6. HP: 36/48 MP: 6/6
  2333 | D:4      | Found an ancient bone altar of Kikubaaqudgha.
  2335 | D:4      | Found a burning altar of Makhleb.
  2338 | D:4      | Noticed a slave
  2339 | D:4      | Noticed a slave
  2339 | D:4      | Noticed a slave
  2340 | D:4      | Noticed Pikel
  2341 | D:4      | Noticed a slave
  2362 | D:4      | Killed a slave
  2376 | D:4      | Reached *** piety under Uskayaw
  2390 | D:4      | Killed Pikel
  2390 | D:4      | Reached skill level 5 in Fighting
  2390 | D:4      | Reached XP level 7. HP: 31/56 MP: 7/9
  2634 | D:4      | Noticed Menkaure
  2645 | D:4      | Killed Menkaure
  3108 | D:5      | Entered Level 5 of the Dungeon
  3130 | D:5      | Reached skill level 6 in Fighting
  3196 | D:5      | Reached XP level 8. HP: 60/64 MP: 11/11
  3272 | D:5      | Reached **** piety under Uskayaw
  3492 | D:5      | Noticed lupus83's ghost (novice DEFE)
  3500 | D:5      | HP: 3/65 [lupus83's ghost (20)]
  4008 | D:6      | Found a sand-covered staircase.
  4033 | Ossuary  | Entered an ossuary
  4136 | Ossuary  | Reached skill level 5 in Invocations
  4186 | Ossuary  | Reached skill level 7 in Fighting
  5188 | D:6      | Reached XP level 9. HP: 72/72 MP: 13/13
  5191 | D:7      | Noticed Duvessa
  5191 | D:7      | Noticed Dowan
  5926 | D:7      | Found a shadowy altar of Dithmenos.
  5948 | D:7      | Reached skill level 8 in Fighting
  5948 | D:7      | Killed Dowan
  5948 | D:7      | Reached skill level 5 in Axes
  5959 | D:7      | HP: 1/74 [Duvessa/rapier of draining (10)]
  5967 | D:7      | Killed Duvessa
  6376 | D:7      | Reached ***** piety under Uskayaw
  6705 | D:8      | Found Yczegun's Jewellery Shoppe.
  7142 | D:8      | Noticed Gastronok
  7153 | D:8      | Mangled by an ogre

Vault maps used:
D:1:      minmay_arrival_solitary_statue, minmay_unequal
D:2:      chequers_ecumenical_altar_simple, uniq_iyjb, uniq_terence,
          uniq_jessica
D:3:      first_bread, nicolae_ru_path_of_blood
D:4:      chequers_temple_overflow_statue_of_worship, kennysheep_nondescript,
          uniq_pikel, uniq_menkaure
D:5:      nicolae_overflow_hidden_temple, trog_wizard
D:6:      nicolae_ossuary_entry_false_entrances
D:7:      kennysheep_mini, kennysheep_generic_room_2, uniq_duvessa
D:8:      kennysheep_spiral_hall, serial_shops, nicolae_shop_stone,
          kennysheep_generic_room_10, uniq_gastronok
Ossuary:  ossuary_tomb_2

Skill      XL: |  1  2  3  4  5  6  7  8  9 |
---------------+----------------------------+-----
Axes           | 2 3 4 5 |  5.3
Shields        | 3 |  3.5
Armour         | 3 |  3.2
Fighting       | 4 5 6 7 8 |  8.6
Invocations    | 1 3 4 5 6 |  6.9

Action                   |  1- 3 |  4- 6 |  7- 9 || total
-------------------------+-------+-------+-------++-------
Melee: War axe           |    56 |       |       ||    56
       Hand axe          |       |   158 |   494 ||   652
Invok: Stomp             |       |       |     6 ||     6
       Line Pass         |       |       |     4 ||     4
 Stab: Paralysed         |       |     1 |    17 ||    18
Armor: Scale mail        |    11 |    36 |       ||    47
       Plate armour      |       |    36 |   222 ||   258
Dodge: Dodged            |    18 |    35 |    74 ||   127
Block: Shield            |    41 |    75 |   207 ||   323
